 Dungeon Crawl Stone Soup version 0.17-a0-2070-g2a5e0a8 (webtiles) character file.

59 Sinocard the Skirmisher (level 3, -3/33 HPs)
             Began as a Centaur Fighter on Oct 14, 2015.
             Was a Follower of Makhleb.
             Killed from afar by Ijyb (8 damage)
             ... with a wand of frost
             ... on level 3 of the Dungeon.
             The game lasted 00:05:04 (2239 turns).

Sinocard the Skirmisher (Centaur Fighter)           Turns: 2239, Time: 00:05:09

Health: -3/33      AC:  7    Str: 18    XL:     3   Next: 78%
Magic:  3/3        EV:  5    Int:  7    God:    Makhleb [*.....]
Gold:   128        SH:  8    Dex:  9    Spells: 0 memorised, 2 levels left

rFire  . . .     SeeInvis .     a - +0 war axe
rCold  . . .     Clarity  .     b - +0 scale mail
rNeg   . . .     SustAt   .     c - +0 shield
rPois  .         Gourm    .     (no helmet)
rElec  .         Spirit   .     (no cloak)
rCorr  .         Warding  .     (no gloves)
rMut   .         Stasis   .     (no barding)
MR     .....                    (no amulet)
Stlth  ..........               p - +1 ring of protection
                                k - ring of wizardry

@: lethally poisoned (-3 -> -5), very quick, not resistant to hostile
enchantments, extremely unstealthy
A: hooves 3, deformed body, speed 2, tough skin 3
a: Renounce Religion


You were on level 3 of the Dungeon.
You worshipped Makhleb.
Makhleb was aware of your devotion.
You were not hungry.

You visited 1 branch of the dungeon, and saw 3 of its levels.

You collected 128 gold pieces.

Inventory:

Hand Weapons
 a - a +0 war axe (weapon)
Armour
 b - a +0 scale mail (worn)
 c - a +0 shield (worn)
 m - a +0 large shield
Magical Staves
 q - an uncursed staff of summoning
Jewellery
 k - a ring of wizardry (left hand)
 p - a +1 ring of protection (right hand)
Scrolls
 h - 3 scrolls of teleportation {unknown}
 l - 2 scrolls of identify {unknown}
 n - a scroll of random uselessness {unknown}
 o - 2 scrolls of recharging {unknown}
 r - a scroll of remove curse {unknown}
Potions
 d - a potion of might
 f - a potion of brilliance {unknown}
 g - a potion of degeneration {unknown}
 i - a potion of agility {unknown}
Comestibles
 e - 2 bread rations
 j - a meat ration


   Skills:
 + Level 4.1 Fighting
 + Level 2.2 Axes
 - Level 2.1 Armour
 + Level 0.7 Dodging
 + Level 0.2 Stealth
 - Level 2.1 Shields


You had 2 spell levels left.
You didn't know any spells.

Dungeon Overview and Level Annotations

Branches:
Dungeon (3/15)

Altars:
Makhleb
Xom

Annotations:
D:3 Ijyb


Innate Abilities, Weirdness & Mutations

You have hooves in place of feet.
Armour fits poorly on your strangely shaped body.
You cover ground very quickly.
You have extremely tough skin (AC +3).


Message History

r - a scroll labeled WARRYCZ GOETEM An adder and Ijyb come into view.
Ijyb shouts!
There are monsters nearby!
Ijyb zaps a wand.
The puff of frost hits you!
It is a wand of frost.
A rat comes into view.
You slash Ijyb!
Ijyb is moderately wounded.
You closely miss the adder. The adder bites you.
You are poisoned.
The adder poisons you! You block the adder's attack.
Ijyb hits you but does no damage.
You slash Ijyb!
Ijyb is severely wounded.
You barely miss the adder.
You feel sick. The adder bites you but does no damage.
Ijyb zaps a wand.
The puff of frost hits you!
* * * LOW HITPOINT WARNING * * *
The adder closely misses you.
Ijyb zaps a wand.
The puff of frost hits you!
You die...

..# #.# #.#
#.##.....# #.#
#.# #.#
#.#####.## #.#
#.####.###.# #.#
#.# #..........#
#.# #.#
#......##### #.#
#.# #.#.#### #.#
#.# #
#.############.#
#.#
#..............#
#.#
####@###########
..# #..Sg# ###
#.#.r# # #..#
#..# #..# #..#
#..#


You could see Ijyb, an adder and a rat.

Vanquished Creatures
  2 adders
  3 worms
  3 giant geckos
  6 goblins
  4 hobgoblins
  4 jackals (D:2)
  A ball python (D:2)
  2 bats
  5 kobolds
  3 rats
33 creatures vanquished.

Notes
Turn   | Place    | Note
--------------------------------------------------------------
     0 | D:1      | Sinocard the Centaur Fighter began the quest for the Orb.
     0 | D:1      | Reached XP level 1. HP: 19/19 MP: 1/1
   905 | D:2      | Reached XP level 2. HP: 21/26 MP: 2/2
  1209 | D:2      | Reached XP level 3. HP: 15/33 MP: 3/3
  1410 | D:2      | Reached skill level 4 in Fighting
  1758 | D:3      | Found a shimmering altar of Xom.
  2142 | D:3      | Found a faded altar to an unknown god.
  2150 | D:3      | Became a worshipper of Makhleb the Destroyer
  2150 | D:3      | Reached * piety under Makhleb
  2236 | D:3      | Noticed Ijyb
  2239 | D:3      | Killed from afar by Ijyb

Vault maps used:
D:1:      dpeg_arrival_tiny_a
D:2:      first_bread
D:3:      lemuel_doored_altar, lemuel_round_altar,
          minmay_overflow_temple_star_quad, ecumenical_altar_1, uniq_iyjb

Action                   || total
-------------------------++-------
Melee: War axe           ||   123
  Eat: Bread ration      ||     1
       Chunk             ||     1
